Wranglers vs Admirals

Created - January 13, 2025 at 20:51

Goals
1 2 3 T
Wranglers 1 3 1 5
Admirals 0 0 2 2
Shots
1 2 3 T
Wranglers 17 17 8 42
Admirals 4 8 17 29

1st period

1. Wranglers , Vladislav Kamenev 5 (Kaapo Kakko 1, Vitali Kravtsov 8) at 17:35

Penalties :
Mark McNeill (Mil) for Tripping (Minor) at 13:49

2nd period

2. Wranglers , Erik Brannstrom 8 (Peter Cehlarik 28, Nico Sturm 29) at 3:53 (PP)
3. Wranglers , Erik Brannstrom 9 (Jesper Bratt 11, Vitek Vanecek) at 7:36
4. Wranglers , Ryan Donato 4 (Taylor Raddysh 6) at 10:02

Penalties :
Josh Norris (Mil) for Hooking (Minor) at 2:13, Barclay Goodrow (Cal) for High sticking (Minor) at 7:49, Jesper Bratt (Cal) for Hooking (Minor) at 18:52

3rd period

5. Admirals , Nolan Vesey 7 (Reilly Walsh 17, Ian Mitchell 14) at 0:38 (PP)
6. Wranglers , Chandler Stephenson 10 (Erik Brannstrom 27) at 5:12
7. Admirals , Kasper Bjorkqvist 10 (Reilly Walsh 18, Ian Mitchell 15) at 7:27

Penalties :
Mathieu Joseph (Mil) for Boarding (Minor) at 13:00

Goalie Stats

Vitek Vanecek (Cal), 27 saves from 29 shots - (0.931), W, 16-5-1, 60:00 minutes
Felix Sanstrom (Mil), 37 saves from 42 shots - (0.881), L, 13-7-3, 60:00 minutes

Players Stats for Wranglers

Player Name              G  A  P  +/- PIM S  H  SB GA TA FO     MP     PP MP  PK MP  
------------------------------------------------------------------------------------
Barclay Goodrow          0  0  0   0  2   1  1  0  1  0  0/0    19:25   3:36   0:23 
Brandon Hickey           0  0  0   1  0   2  0  1  0  1  0/0    21:27   1:45   1:20 
Chandler Stephenson      1  0  1   1  0   7  1  0  0  0  2/9    15:49   2:02   0:24 
Christian Jaros          0  0  0   0  0   3  1  4  0  0  0/0    19:55   1:45   1:20 
Dominik Masin            0  0  0   0  0   1  0  2  0  1  0/0    16:39   0:00   2:18 
Erik Brannstrom          2  1  3   3  0   8  2  0  0  1  0/0    22:36   3:53   0:07 
Frank Corrado            0  0  0   2  0   2  5  1  0  1  0/0    25:31   3:53   2:18 
Jesper Bratt             0  1  1   1  2   0  1  0  0  0  0/2    15:39   2:02   0:15 
Kaapo Kakko              0  1  1   1  0   0  0  0  0  0  0/0    10:41   0:00   0:00 
Nico Sturm               0  1  1   0  0   4  2  0  0  0  11/27  19:55   3:36   0:57 
Peter Cehlarik           0  1  1   0  0   2  2  1  1  0  0/4    21:30   3:36   2:24 
Phillip Danault          0  0  0   1  0   2  1  1  0  0  2/5    15:42   0:00   2:24 
Ryan Donato              1  0  1   1  0   1  0  0  0  0  1/2    11:11   0:00   0:00 
Tanner Jeannot           0  0  0   1  0   3  1  0  0  0  0/0    13:05   2:02   0:00 
Taylor Raddysh           0  1  1   1  0   0  2  0  0  0  0/0    11:11   0:00   0:00 
Trevor Carrick           0  0  0   0  0   1  0  2  0  1  0/0    13:52   0:00   0:07 
Vitali Kravtsov          0  1  1   1  0   3  3  1  1  0  0/0    11:24   0:00   0:43 
Vladislav Kamenev        1  0  1   1  0   2  2  0  0  0  0/3    10:41   0:00   0:00 

Players Stats for Admirals

Player Name              G  A  P  +/- PIM S  H  SB GA TA FO     MP     PP MP  PK MP  
------------------------------------------------------------------------------------
Carl Dahlstrom           0  0  0  -2  0   0  0  2  0  0  0/0    13:57   0:00   3:32 
Christian Djoos          0  0  0   0  0   0  0  0  0  0  0/0     6:18   0:00   0:14 
Filip Chlapik            0  0  0  -1  0   0  2  0  0  0  4/4    11:44   0:00   0:00 
Gerald Mayhew            0  0  0   0  0   3  0  0  0  0  0/0     7:52   0:00   0:00 
Henry Thrun              0  0  0   0  0   0  0  0  0  0  0/0     6:04   0:00   0:00 
Hunter Shinkaruk         0  0  0  -2  0   0  1  0  1  0  0/0    16:57   1:41   1:41 
Ian Mitchell             0  2  2  -1  0   2  2  2  0  0  0/0    21:39   2:58   0:00 
Josh Norris              0  0  0   0  2   0  0  0  0  0  19/26  20:08   2:04   0:39 
Josh Wesley              0  0  0  -2  0   0  1  0  0  1  0/0    10:24   0:00   0:14 
Kasper Bjorkqvist        1  0  1  -1  0   4  0  0  0  0  0/0    11:44   0:00   0:00 
Lucas Wallmark           0  0  0  -2  0   0  2  0  0  0  6/13   18:54   1:41   3:46 
Mark McNeill             0  0  0  -2  2   2  2  0  0  0  0/0    15:36   1:41   0:21 
Mathieu Joseph           0  0  0   0  2   7  4  0  1  2  3/4    22:12   2:04   2:43 
Milos Kelemen            0  0  0  -1  0   1  3  0  1  0  0/0    11:44   0:00   0:00 
Nolan Vesey              1  0  1   0  0   2  0  0  1  0  1/1    21:12   2:04   1:34 
Olli Juolevi             0  0  0   0  0   4  1  1  0  0  0/0    18:06   0:47   1:52 
Pavol Regenda            0  0  0   0  0   1  0  0  1  0  0/0     8:10   0:00   0:18 
Reilly Walsh             0  2  2  -1  0   1  2  1  0  0  0/0    25:26   2:58   3:32 
Ruslan Iskhakov          0  0  0   0  0   1  0  0  0  0  3/4     8:06   0:00   0:14 
Tobias Bjornfot          0  0  0   0  0   1  0  1  0  0  0/0    18:06   0:47   1:52 

3 Stars

1 - Erik Brannstrom (Cal)
2 - Vladislav Kamenev (Cal)
3 - Chandler Stephenson (Cal)

Power Play

Wranglers - 1 on 3 Attempt(s) - 33.33%
Admirals - 1 on 2 Attempt(s) - 50.00%

Penalty Kill

Wranglers - 1 on 2 Attempt(s) - 50.00% - Score 0 goal in Penalty Kill
Admirals - 2 on 3 Attempt(s) - 66.67% - Score 0 goal in Penalty Kill

Team Stat

Wranglers - Hits : 24 - Faceoff Wins : 16 - Blocked Shots : 13 - Penalty Minutes : 4
Admirals - Hits : 20 - Faceoff Wins : 36 - Blocked Shots : 7 - Penalty Minutes : 6

Official

Referees : Eric Furlatt and Francis Charron
Linesman : Julien Fournier and Brian Mach

Game Notes

No Game Note

Finance

Level 1 -- Attendance: 1976 (98.80%) -- Ticket Income $138,320
Level 2 -- Attendance: 1000 (100.00%) -- Ticket Income $40,000
Total Attendance: 2976 (99.20%)
Total Ticket Income: $178,320
Other Income: $8,916
Total Income: $187,236

Wranglers

5 vs 5 Forward 
   Center                   Left Wing                Right Wing               Time % Phy DF OF 
 1 Nico Sturm               Peter Cehlarik           Barclay Goodrow          40     1   2  2  
 2 Chandler Stephenson      Jesper Bratt             Phillip Danault          30     1   2  2  
 3 Ryan Donato              Tanner Jeannot           Taylor Raddysh           20     1   2  2  
 4 Vladislav Kamenev        Vitali Kravtsov          Kaapo Kakko              10     1   2  2  

5 vs 5 Defense 
   Defense                  Defense                                           Time % Phy DF OF 
 1 Erik Brannstrom          Frank Corrado                                     40     1   2  2  
 2 Brandon Hickey           Christian Jaros                                   30     1   2  2  
 3 Dominik Masin            Trevor Carrick                                    20     1   2  2  
 4 Brandon Hickey           Frank Corrado                                     10     1   2  2  

PowerPlay Forward 
   Center                   Left Wing                Right Wing               Time % Phy DF OF 
 1 Nico Sturm               Peter Cehlarik           Barclay Goodrow          60     1   2  2  
 2 Chandler Stephenson      Jesper Bratt             Tanner Jeannot           40     1   2  2  

PowerPlay Defense
   Defense                  Defense                                           Time % Phy DF OF 
 1 Erik Brannstrom          Frank Corrado                                     60     1   2  2  
 2 Brandon Hickey           Christian Jaros                                   40     1   2  2  

Penalty Kill 4 Players Forward 
   Center                   Wing                     Time % Phy DF OF 
 1 Phillip Danault          Peter Cehlarik           60     1   2  2  
 2 Nico Sturm               Barclay Goodrow          40     1   2  2  

Penalty Kill 4 Players Defense
   Defense                  Defense                  Time % Phy DF OF 
 1 Dominik Masin            Frank Corrado            60     1   2  2  
 2 Brandon Hickey           Christian Jaros          40     1   2  2  

Penalty Kill - 3 Players Forward 
   Forward                                           Time % Phy DF OF 
 1 Phillip Danault                                   60     1   2  2  
 2 Nico Sturm                                        40     1   2  2  

Penalty Kill - 3 Players Defense
   Defense                  Defense                  Time % Phy DF OF 
 1 Dominik Masin            Frank Corrado            60     1   2  2  
 2 Brandon Hickey           Christian Jaros          40     1   2  2  

4 vs 4 Forward 
   Center                   Wing                     Time % Phy DF OF 
 1 Nico Sturm               Peter Cehlarik           60     1   2  2  
 2 Chandler Stephenson      Phillip Danault          40     1   2  2  

4 vs 4 Defense
   Defense                  Defense                  Time % Phy DF OF 
 1 Dominik Masin            Frank Corrado            60     1   2  2  
 2 Brandon Hickey           Christian Jaros          40     1   2  2  

Last Minutes Offensive
   Center                   Left Wing                Right Wing               Defense                  Defense                  
   Nico Sturm               Peter Cehlarik           Barclay Goodrow          Erik Brannstrom          Frank Corrado            

Last Minutes Defensive
   Center                   Left Wing                Right Wing               Defense                  Defense                  
   Nico Sturm               Peter Cehlarik           Barclay Goodrow          Dominik Masin            Frank Corrado            

Goaltenders
Starting : Vitek Vanecek            
Backup : Joel Hofer               

Extra Forwards
Normal : Jesper Bratt, Peter Cehlarik, Nico Sturm - PP : Jesper Bratt, Chandler Stephenson - PK : Nico Sturm
Extra Defensemen
Normal : Christian Jaros, Brandon Hickey, Dominik Masin - PP : Dominik Masin - PK : Erik Brannstrom, Christian Jaros
Penalty Shots
Jesper Bratt, Peter Cehlarik, Nico Sturm, Chandler Stephenson, Barclay Goodrow
Custom OT Lines Forwards
Tanner Jeannot, Peter Cehlarik, Chandler Stephenson, Nico Sturm, Jesper Bratt, Taylor Raddysh, Phillip Danault, Ryan Donato, Barclay Goodrow, Vladislav Kamenev
Custom OT Lines Defensemen
Erik Brannstrom, Frank Corrado, Brandon Hickey, Christian Jaros, Dominik Masin

Scratches
Filip Hallander (Healthy), Skyler Brind'Amour (Healthy), Darren Raddysh (Healthy), Tim Berni (Healthy), Petteri Lindbohm (Healthy)
Ivan Chekhovich (Healthy), Radim Zohorna (Healthy), Demetrios Koumontzis (Healthy), Zac Jones (Healthy), Yegor Zaitsev (Healthy)
Lucas Feuk (Healthy), Cole Schwindt (Healthy), Collin Delia (Healthy)

Admirals

5 vs 5 Forward 
   Center                   Left Wing                Right Wing               Time % Phy DF OF 
 1 Josh Norris              Nolan Vesey              Mathieu Joseph           40     1   2  2  
 2 Lucas Wallmark           Hunter Shinkaruk         Mark McNeill             30     1   2  2  
 3 Filip Chlapik            Milos Kelemen            Kasper Bjorkqvist        20     1   2  2  
 4 Ruslan Iskhakov          Pavol Regenda            Gerald Mayhew            10     1   2  2  

5 vs 5 Defense 
   Defense                  Defense                                           Time % Phy DF OF 
 1 Reilly Walsh             Ian Mitchell                                      40     1   2  2  
 2 Olli Juolevi             Tobias Bjornfot                                   30     1   2  2  
 3 Carl Dahlstrom           Josh Wesley                                       20     1   2  2  
 4 Christian Djoos          Henry Thrun                                       10     1   2  2  

PowerPlay Forward 
   Center                   Left Wing                Right Wing               Time % Phy DF OF 
 1 Josh Norris              Nolan Vesey              Mathieu Joseph           60     1   2  2  
 2 Lucas Wallmark           Hunter Shinkaruk         Mark McNeill             40     1   2  2  

PowerPlay Defense
   Defense                  Defense                                           Time % Phy DF OF 
 1 Reilly Walsh             Ian Mitchell                                      60     1   2  2  
 2 Olli Juolevi             Tobias Bjornfot                                   40     1   2  2  

Penalty Kill 4 Players Forward 
   Center                   Wing                     Time % Phy DF OF 
 1 Lucas Wallmark           Mathieu Joseph           60     1   2  2  
 2 Mark McNeill             Nolan Vesey              40     1   2  2  

Penalty Kill 4 Players Defense
   Defense                  Defense                  Time % Phy DF OF 
 1 Reilly Walsh             Carl Dahlstrom           60     1   3  1  
 2 Olli Juolevi             Tobias Bjornfot          40     1   3  1  

Penalty Kill - 3 Players Forward 
   Forward                                           Time % Phy DF OF 
 1 Mathieu Joseph                                    60     1   3  1  
 2 Mark McNeill                                      40     1   3  1  

Penalty Kill - 3 Players Defense
   Defense                  Defense                  Time % Phy DF OF 
 1 Reilly Walsh             Christian Djoos          60     1   3  1  
 2 Olli Juolevi             Tobias Bjornfot          40     1   3  1  

4 vs 4 Forward 
   Center                   Wing                     Time % Phy DF OF 
 1 Josh Norris              Mathieu Joseph           60     1   2  2  
 2 Lucas Wallmark           Mark McNeill             40     1   2  2  

4 vs 4 Defense
   Defense                  Defense                  Time % Phy DF OF 
 1 Reilly Walsh             Ian Mitchell             60     1   2  2  
 2 Olli Juolevi             Tobias Bjornfot          40     1   2  2  

Last Minutes Offensive
   Center                   Left Wing                Right Wing               Defense                  Defense                  
   Josh Norris              Nolan Vesey              Mathieu Joseph           Reilly Walsh             Olli Juolevi             

Last Minutes Defensive
   Center                   Left Wing                Right Wing               Defense                  Defense                  
   Lucas Wallmark           Hunter Shinkaruk         Mathieu Joseph           Reilly Walsh             Olli Juolevi             

Goaltenders
Starting : Felix Sanstrom           
Backup : Tristan Jarry            

Extra Forwards
Normal : Kasper Bjorkqvist, Gerald Mayhew, Lucas Wallmark - PP : Kasper Bjorkqvist, Milos Kelemen - PK : Hunter Shinkaruk
Extra Defensemen
Normal : Josh Wesley, Carl Dahlstrom, Christian Djoos - PP : Josh Wesley - PK : Christian Djoos, Olli Juolevi
Penalty Shots
Mathieu Joseph, Josh Norris, Hunter Shinkaruk, Milos Kelemen, Pavol Regenda
Custom OT Lines Forwards
Mathieu Joseph, Josh Norris, Hunter Shinkaruk, Lucas Wallmark, Mark McNeill, Kasper Bjorkqvist, Pavol Regenda, Gerald Mayhew, Nolan Vesey, Milos Kelemen
Custom OT Lines Defensemen
Olli Juolevi, Ian Mitchell, Reilly Walsh, Tobias Bjornfot, Josh Wesley

Scratches
Bokondji Imama (Healthy), Joni Ikonen (Healthy), Sean Durzi (Healthy), Grant Hutton (Healthy), Riley Barber (Broken Bone (Left Foot) Injury)
Ryan Olsen (Healthy), Sergei Zborovskiy (Healthy), Troy Bourke (Healthy), Carsen Twarynski (Healthy), Drew O'Connor (Healthy)
Libor Hajek (Healthy), Mark Kastelic (Healthy), Patrick Moynihan (Healthy), Jack Malone (Healthy)

% Time on Ice - Wranglers

Lines # - Real PCT - Wanted PCT - Time Play
Normal Forward
1 - 31% - 40% - 15:27
2 - 26% - 30% - 13:18
3 - 22% - 20% - 11:11
4 - 21% - 10% - 10:41
Normal Defense
1 - 37% - 40% - 18:36
2 - 33% - 30% - 16:36
3 - 27% - 20% - 13:40
4 - 3% - 10% - 1:45
PP Forward
1 - 64% - 60% - 3:36
2 - 36% - 40% - 2:02
PP Defense
1 - 69% - 60% - 3:53
2 - 31% - 40% - 1:45
PK Forward
1 - 77% - 60% - 2:54
2 - 23% - 40% - 0:51
PK Defense
1 - 64% - 60% - 2:25
2 - 36% - 40% - 1:20
PK3 Forward
1 - 0% - 60%
2 - 0% - 40%
PK3 Defense
1 - 0% - 60%
2 - 0% - 40%
44 Forward
1 - 0% - 60%
2 - 0% - 40%
44 Defense
1 - 0% - 60%
2 - 0% - 40%
Last Minute Offensive  - 0:00
Last Minute Defensive  - 0:00
Total
Forward - 60:00
Defense - 60:00

% Time on Ice - Admirals

Lines # - Real PCT - Wanted PCT - Time Play
Normal Forward
1 - 34% - 40% - 17:26
2 - 27% - 30% - 13:35
3 - 23% - 20% - 11:44
4 - 16% - 10% - 7:52
Normal Defense
1 - 37% - 40% - 18:56
2 - 31% - 30% - 15:27
3 - 20% - 20% - 10:10
4 - 12% - 10% - 6:04
PP Forward
1 - 55% - 60% - 2:04
2 - 45% - 40% - 1:41
PP Defense
1 - 79% - 60% - 2:58
2 - 21% - 40% - 0:47
PK Forward
1 - 83% - 60% - 4:39
2 - 17% - 40% - 0:59
PK Defense
1 - 67% - 60% - 3:46
2 - 33% - 40% - 1:52
PK3 Forward
1 - 0% - 60%
2 - 0% - 40%
PK3 Defense
1 - 0% - 60%
2 - 0% - 40%
44 Forward
1 - 0% - 60%
2 - 0% - 40%
44 Defense
1 - 0% - 60%
2 - 0% - 40%
Last Minute Offensive  - 0:00
Last Minute Defensive  - 0:00
Total
Forward - 60:00
Defense - 60:00

Play-by-Play

1st period


0:01 of 1st period - Josh Norris wins face-off versus Nico Sturm in neutral zone.
0:14 of 1st period - Snap shot by Barclay Goodrow.
0:14 of 1st period - Shot Blocked by Ian Mitchell.
0:16 of 1st period - Slapshot by Erik Brannstrom.
0:16 of 1st period - Shot Misses the Net.
0:30 of 1st period - Icing by Jesper Bratt.
0:31 of 1st period - Chandler Stephenson wins face-off versus Lucas Wallmark in Wranglers zone.
1:16 of 1st period - Backhand shot by Chandler Stephenson.
1:16 of 1st period - Stopped by Felix Sanstrom with a rebound.
1:32 of 1st period - Snap shot by Jesper Bratt.
1:32 of 1st period - Deflect By Phillip Danault.
1:32 of 1st period - Stopped by Felix Sanstrom without a rebound.
1:33 of 1st period - Filip Chlapik wins face-off versus Ryan Donato in Admirals zone.
2:05 of 1st period - Slapshot by Peter Cehlarik.
2:05 of 1st period - Shot Misses the Net.
2:09 of 1st period - Snap shot by Nico Sturm.
2:09 of 1st period - Stopped by Felix Sanstrom without a rebound.
2:10 of 1st period - Ruslan Iskhakov wins face-off versus Vladislav Kamenev in Admirals zone.
2:10 of 1st period - Ruslan Iskhakov is hit by Erik Brannstrom.
2:36 of 1st period - Nico Sturm is hit by Mathieu Joseph and loses puck.
3:11 of 1st period - Filip Chlapik is hit by Tanner Jeannot and loses puck.
4:02 of 1st period - Snap shot by Nolan Vesey.
4:02 of 1st period - Shot Misses the Net.
4:06 of 1st period - Wrist shot by Mathieu Joseph.
4:06 of 1st period - Shot Blocked by Dominik Masin.
4:08 of 1st period - Slapshot by Carl Dahlstrom.
4:08 of 1st period - Shot Blocked by Trevor Carrick.
4:26 of 1st period - Snap shot by Tanner Jeannot.
4:26 of 1st period - Stopped by Felix Sanstrom with a rebound.
4:28 of 1st period - Slapshot by Trevor Carrick.
4:28 of 1st period - Shot Blocked by Carl Dahlstrom.
4:30 of 1st period - Backhand shot by Dominik Masin.
4:30 of 1st period - Stopped by Felix Sanstrom with a rebound.
5:01 of 1st period - Carl Dahlstrom is hit by Vladislav Kamenev.
5:05 of 1st period - Wrist shot by Hunter Shinkaruk.
5:05 of 1st period - Shot Blocked by Brandon Hickey.
5:07 of 1st period - Slapshot by Olli Juolevi.
5:07 of 1st period - Stopped by Vitek Vanecek with a rebound.
5:09 of 1st period - Snap shot by Mark McNeill.
5:09 of 1st period - Stopped by Vitek Vanecek with a rebound.
5:15 of 1st period - Snap shot by Mark McNeill.
5:15 of 1st period - Shot Misses the Net.
5:17 of 1st period - Wrist shot by Hunter Shinkaruk.
5:17 of 1st period - Shot Misses the Net.
5:19 of 1st period - Slapshot by Mark McNeill.
5:19 of 1st period - Shot Blocked by Christian Jaros.
5:53 of 1st period - Wrist shot by Mark McNeill.
5:53 of 1st period - Shot Blocked by Christian Jaros.
5:57 of 1st period - Snap shot by Mark McNeill.
5:57 of 1st period - Stopped by Vitek Vanecek without a rebound.
5:58 of 1st period - Nico Sturm wins face-off versus Josh Norris in Wranglers zone.
5:58 of 1st period - Nico Sturm is hit by Reilly Walsh.
6:48 of 1st period - Snap shot by Jesper Bratt.
6:48 of 1st period - Shot Misses the Net.
6:50 of 1st period - Wrist shot by Jesper Bratt.
6:50 of 1st period - Deflect By Phillip Danault.
6:50 of 1st period - Stopped by Felix Sanstrom with a rebound.
7:12 of 1st period - Snap shot by Nolan Vesey.
7:12 of 1st period - Shot Misses the Net.
7:28 of 1st period - Snap shot by Tanner Jeannot.
7:28 of 1st period - Shot Blocked by Tobias Bjornfot.
7:58 of 1st period - Snap shot by Nico Sturm.
7:58 of 1st period - Stopped by Felix Sanstrom with a rebound.
9:47 of 1st period - Filip Chlapik is hit by Barclay Goodrow and loses puck.
10:43 of 1st period - Brandon Hickey is hit by Mathieu Joseph and loses puck.
11:01 of 1st period - Peter Cehlarik is hit by Filip Chlapik and loses puck.
11:16 of 1st period - Snap shot by Chandler Stephenson.
11:16 of 1st period - Stopped by Felix Sanstrom with a rebound.
11:18 of 1st period - Slapshot by Dominik Masin.
11:18 of 1st period - Deflect By Jesper Bratt.
11:18 of 1st period - Shot Misses the Net.
11:18 of 1st period - Puck is out of play.
11:19 of 1st period - Josh Norris wins face-off versus Nico Sturm in Admirals zone.
12:16 of 1st period - Slapshot by Erik Brannstrom.
12:16 of 1st period - Stopped by Felix Sanstrom without a rebound.
12:17 of 1st period - Nico Sturm wins face-off versus Josh Norris in Admirals zone.
12:20 of 1st period - Slapshot by Barclay Goodrow.
12:20 of 1st period - Shot Misses the Net.
12:22 of 1st period - Slapshot by Brandon Hickey.
12:22 of 1st period - Shot Misses the Net.
12:30 of 1st period - Christian Jaros is hit by Mathieu Joseph and loses puck.
12:43 of 1st period - Mathieu Joseph is hit by Peter Cehlarik and loses puck.
13:13 of 1st period - Backhand shot by Barclay Goodrow.
13:13 of 1st period - Stopped by Felix Sanstrom without a rebound.
13:14 of 1st period - Filip Chlapik wins face-off versus Chandler Stephenson in Admirals zone.
13:14 of 1st period - Kasper Bjorkqvist is hit by Jesper Bratt and loses puck.
13:49 of 1st period - Minor Penalty to Mark McNeill for Tripping.
13:50 of 1st period - Lucas Wallmark wins face-off versus Nico Sturm in Admirals zone.
14:14 of 1st period - Carl Dahlstrom is hit by Chandler Stephenson and loses puck.
14:28 of 1st period - Icing by Chandler Stephenson.
14:29 of 1st period - Nolan Vesey wins face-off versus Chandler Stephenson in Wranglers zone.
14:42 of 1st period - Snap shot by Chandler Stephenson.
14:42 of 1st period - Stopped by Felix Sanstrom with a rebound.
14:44 of 1st period - Backhand shot by Brandon Hickey.
14:44 of 1st period - Stopped by Felix Sanstrom with a rebound.
14:46 of 1st period - Snap shot by Chandler Stephenson.
14:46 of 1st period - Stopped by Felix Sanstrom without a rebound.
14:47 of 1st period - Nico Sturm wins face-off versus Lucas Wallmark in Admirals zone.
15:49 of 1st period - Penalty to Mark McNeill is over, Mark McNeill is back on ice.
16:03 of 1st period - Off-side.
16:04 of 1st period - Filip Chlapik wins face-off versus Vladislav Kamenev in neutral zone.
16:55 of 1st period - Slapshot by Erik Brannstrom.
16:55 of 1st period - Stopped by Felix Sanstrom with a rebound.
17:27 of 1st period - Wrist shot by Erik Brannstrom.
17:27 of 1st period - Shot Misses the Net.
17:29 of 1st period - Slapshot by Vitali Kravtsov.
17:29 of 1st period - Shot Misses the Net.
17:31 of 1st period - Wrist shot by Vladislav Kamenev.
17:31 of 1st period - Stopped by Felix Sanstrom with a rebound.
17:33 of 1st period - Slapshot by Kaapo Kakko.
17:33 of 1st period - Shot Misses the Net.
17:35 of 1st period - Wrist shot by Vladislav Kamenev.
17:35 of 1st period - Goal by Vladislav Kamenev - Wranglers : 1 - Admirals : 0.
17:36 of 1st period - Josh Norris wins face-off versus Peter Cehlarik in neutral zone.
18:01 of 1st period - Jesper Bratt is hit by Hunter Shinkaruk and loses puck.
18:10 of 1st period - Snap shot by Mark McNeill.
18:10 of 1st period - Shot Misses the Net.
18:12 of 1st period - Slapshot by Tobias Bjornfot.
18:12 of 1st period - Stopped by Vitek Vanecek with a rebound.
18:28 of 1st period - Olli Juolevi is hit by Christian Jaros and loses puck.
18:41 of 1st period - Snap shot by Vladislav Kamenev.
18:41 of 1st period - Shot Misses the Net.
18:43 of 1st period - Slapshot by Vitali Kravtsov.
18:43 of 1st period - Stopped by Felix Sanstrom with a rebound.
19:01 of 1st period - Barclay Goodrow is hit by Josh Wesley.
Goals for this period are 1 for Wranglers vs 0 for Admirals.
Shots for this period are 17 for Wranglers vs 4 for Admirals.

2nd period


0:01 of 2nd period - Josh Norris wins face-off versus Peter Cehlarik in neutral zone.
0:32 of 2nd period - Wrist shot by Tanner Jeannot.
0:32 of 2nd period - Stopped by Felix Sanstrom without a rebound.
0:33 of 2nd period - Ryan Donato wins face-off versus Lucas Wallmark in Admirals zone.
0:38 of 2nd period - Wrist shot by Ryan Donato.
0:38 of 2nd period - Shot Misses the Net.
1:50 of 2nd period - Snap shot by Peter Cehlarik.
1:50 of 2nd period - Shot Misses the Net.
1:52 of 2nd period - Slapshot by Brandon Hickey.
1:52 of 2nd period - Stopped by Felix Sanstrom without a rebound.
1:53 of 2nd period - Lucas Wallmark wins face-off versus Peter Cehlarik in Admirals zone.
2:02 of 2nd period - Slapshot by Erik Brannstrom.
2:02 of 2nd period - Stopped by Felix Sanstrom with a rebound.
2:04 of 2nd period - Slapshot by Frank Corrado.
2:04 of 2nd period - Shot Misses the Net.
2:10 of 2nd period - Slapshot by Peter Cehlarik.
2:10 of 2nd period - Stopped by Felix Sanstrom without a rebound.
2:11 of 2nd period - Josh Norris wins face-off versus Chandler Stephenson in Admirals zone.
2:13 of 2nd period - Minor Penalty to Josh Norris for Hooking.
2:14 of 2nd period - Nico Sturm wins face-off versus Lucas Wallmark in Admirals zone.
2:14 of 2nd period - Wrist shot by Erik Brannstrom.
2:14 of 2nd period - Shot Misses the Net.
2:16 of 2nd period - Slapshot by Nico Sturm.
2:16 of 2nd period - Shot Blocked by Reilly Walsh.
2:18 of 2nd period - Slapshot by Frank Corrado.
2:18 of 2nd period - Stopped by Felix Sanstrom with a rebound.
2:20 of 2nd period - Slapshot by Frank Corrado.
2:20 of 2nd period - Stopped by Felix Sanstrom without a rebound.
2:21 of 2nd period - Nico Sturm wins face-off versus Lucas Wallmark in Admirals zone.
3:44 of 2nd period - Nolan Vesey is hit by Frank Corrado and loses puck.
3:53 of 2nd period - Slapshot by Erik Brannstrom.
3:53 of 2nd period - Goal by Erik Brannstrom - Wranglers : 2 - Admirals : 0.
3:54 of 2nd period - Filip Chlapik wins face-off versus Chandler Stephenson in neutral zone.
3:59 of 2nd period - Slapshot by Olli Juolevi.
3:59 of 2nd period - Deflect By Jesper Bratt.
3:59 of 2nd period - Stopped by Vitek Vanecek with a rebound.
4:07 of 2nd period - Slapshot by Chandler Stephenson.
4:07 of 2nd period - Stopped by Felix Sanstrom with a rebound.
4:09 of 2nd period - Backhand shot by Christian Jaros.
4:09 of 2nd period - Stopped by Felix Sanstrom with a rebound.
4:26 of 2nd period - Snap shot by Tanner Jeannot.
4:26 of 2nd period - Stopped by Felix Sanstrom with a rebound.
5:15 of 2nd period - Snap shot by Taylor Raddysh.
5:15 of 2nd period - Shot Misses the Net.
5:40 of 2nd period - Wrist shot by Pavol Regenda.
5:40 of 2nd period - Shot Blocked by Christian Jaros.
5:44 of 2nd period - Wrist shot by Gerald Mayhew.
5:44 of 2nd period - Deflect By Ruslan Iskhakov.
5:44 of 2nd period - Stopped by Vitek Vanecek with a rebound.
5:46 of 2nd period - Slapshot by Reilly Walsh.
5:46 of 2nd period - Shot Misses the Net.
5:48 of 2nd period - Slapshot by Reilly Walsh.
5:48 of 2nd period - Stopped by Vitek Vanecek with a rebound.
6:03 of 2nd period - Off-side.
6:04 of 2nd period - Lucas Wallmark wins face-off versus Jesper Bratt in neutral zone.
6:56 of 2nd period - Pavol Regenda is hit by Vladislav Kamenev and loses puck.
7:21 of 2nd period - Ian Mitchell is hit by Frank Corrado and loses puck.
7:36 of 2nd period - Slapshot by Erik Brannstrom.
7:36 of 2nd period - Goal by Erik Brannstrom - Wranglers : 3 - Admirals : 0.
7:37 of 2nd period - Josh Norris wins face-off versus Nico Sturm in neutral zone.
7:40 of 2nd period - Slapshot by Olli Juolevi.
7:40 of 2nd period - Stopped by Vitek Vanecek without a rebound.
7:41 of 2nd period - Mathieu Joseph wins face-off versus Nico Sturm in Wranglers zone.
7:49 of 2nd period - Minor Penalty to Barclay Goodrow for High sticking.
7:50 of 2nd period - Josh Norris wins face-off versus Phillip Danault in Wranglers zone.
8:22 of 2nd period - Slapshot by Olli Juolevi.
8:22 of 2nd period - Shot Misses the Net.
8:32 of 2nd period - Snap shot by Hunter Shinkaruk.
8:32 of 2nd period - Shot Blocked by Frank Corrado.
8:34 of 2nd period - Wrist shot by Lucas Wallmark.
8:34 of 2nd period - Shot Misses the Net.
9:49 of 2nd period - Penalty to Barclay Goodrow is over, Barclay Goodrow is back on ice.
9:57 of 2nd period - Ian Mitchell is hit by Taylor Raddysh and loses puck.
10:02 of 2nd period - Wrist shot by Ryan Donato.
10:02 of 2nd period - Goal by Ryan Donato - Wranglers : 4 - Admirals : 0.
10:03 of 2nd period - Nico Sturm wins face-off versus Josh Norris in neutral zone.
10:31 of 2nd period - Chandler Stephenson is hit by Lucas Wallmark and loses puck.
10:58 of 2nd period - Snap shot by Taylor Raddysh.
10:58 of 2nd period - Shot Misses the Net.
11:00 of 2nd period - Wrist shot by Erik Brannstrom.
11:00 of 2nd period - Stopped by Felix Sanstrom without a rebound.
11:01 of 2nd period - Josh Norris wins face-off versus Nico Sturm in Admirals zone.
11:01 of 2nd period - Josh Norris is hit by Peter Cehlarik.
11:11 of 2nd period - Slapshot by Ian Mitchell.
11:11 of 2nd period - Deflect By Nolan Vesey.
11:11 of 2nd period - Stopped by Vitek Vanecek without a rebound.
11:12 of 2nd period - Nico Sturm wins face-off versus Josh Norris in Wranglers zone.
11:44 of 2nd period - Christian Jaros is hit by Mark McNeill and loses puck.
12:51 of 2nd period - Snap shot by Kasper Bjorkqvist.
12:51 of 2nd period - Stopped by Vitek Vanecek with a rebound.
13:07 of 2nd period - Phillip Danault is hit by Olli Juolevi and loses puck.
13:14 of 2nd period - Snap shot by Pavol Regenda.
13:14 of 2nd period - Shot Blocked by Phillip Danault.
13:36 of 2nd period - Filip Chlapik is hit by Nico Sturm and loses puck.
13:50 of 2nd period - Icing by Peter Cehlarik.
13:51 of 2nd period - Ruslan Iskhakov wins face-off versus Nico Sturm in Wranglers zone.
14:28 of 2nd period - Slapshot by Christian Jaros.
14:28 of 2nd period - Stopped by Felix Sanstrom without a rebound.
14:29 of 2nd period - Josh Norris wins face-off versus Vladislav Kamenev in Admirals zone.
14:36 of 2nd period - Slapshot by Olli Juolevi.
14:36 of 2nd period - Shot Blocked by Vitali Kravtsov.
14:48 of 2nd period - Dominik Masin is hit by Mathieu Joseph.
15:00 of 2nd period - Slapshot by Nolan Vesey.
15:00 of 2nd period - Shot Blocked by Dominik Masin.
15:20 of 2nd period - Snap shot by Mathieu Joseph.
15:20 of 2nd period - Deflect By Vitali Kravtsov.
15:20 of 2nd period - Stopped by Vitek Vanecek with a rebound.
15:50 of 2nd period - Snap shot by Mathieu Joseph.
15:50 of 2nd period - Deflect By Vladislav Kamenev.
15:50 of 2nd period - Stopped by Vitek Vanecek with a rebound.
16:36 of 2nd period - Snap shot by Vitali Kravtsov.
16:36 of 2nd period - Stopped by Felix Sanstrom with a rebound.
16:38 of 2nd period - Wrist shot by Vitali Kravtsov.
16:38 of 2nd period - Shot Blocked by Olli Juolevi.
16:48 of 2nd period - Slapshot by Trevor Carrick.
16:48 of 2nd period - Stopped by Felix Sanstrom with a rebound.
16:50 of 2nd period - Slapshot by Dominik Masin.
16:50 of 2nd period - Deflect By Vitali Kravtsov.
16:50 of 2nd period - Shot Misses the Net.
16:50 of 2nd period - Puck is out of play.
16:51 of 2nd period - Nico Sturm wins face-off versus Lucas Wallmark in Admirals zone.
17:06 of 2nd period - Snap shot by Mark McNeill.
17:06 of 2nd period - Shot Misses the Net.
17:08 of 2nd period - Wrist shot by Hunter Shinkaruk.
17:08 of 2nd period - Shot Misses the Net.
17:18 of 2nd period - Milos Kelemen is hit by Erik Brannstrom and loses puck.
17:25 of 2nd period - Slapshot by Erik Brannstrom.
17:25 of 2nd period - Stopped by Felix Sanstrom without a rebound.
17:26 of 2nd period - Ruslan Iskhakov wins face-off versus Chandler Stephenson in Admirals zone.
17:31 of 2nd period - Wrist shot by Pavol Regenda.
17:31 of 2nd period - Shot Blocked by Christian Jaros.
17:33 of 2nd period - Slapshot by Carl Dahlstrom.
17:33 of 2nd period - Deflect By Gerald Mayhew.
17:33 of 2nd period - Shot Misses the Net.
17:33 of 2nd period - Puck is out of play.
17:34 of 2nd period - Chandler Stephenson wins face-off versus Ruslan Iskhakov in Wranglers zone.
18:06 of 2nd period - Peter Cehlarik is hit by Ian Mitchell and loses puck.
18:11 of 2nd period - Snap shot by Mark McNeill.
18:11 of 2nd period - Shot Misses the Net.
18:52 of 2nd period - Minor Penalty to Jesper Bratt for Hooking.
18:53 of 2nd period - Lucas Wallmark wins face-off versus Phillip Danault in Wranglers zone.
19:42 of 2nd period - Mark McNeill is hit by Nico Sturm and loses puck.
Goals for this period are 3 for Wranglers vs 0 for Admirals.
Shots for this period are 17 for Wranglers vs 8 for Admirals.

3rd period


0:01 of 3rd period - Phillip Danault wins face-off versus Josh Norris in neutral zone.
0:14 of 3rd period - Snap shot by Mathieu Joseph.
0:14 of 3rd period - Stopped by Vitek Vanecek with a rebound.
0:16 of 3rd period - Wrist shot by Ian Mitchell.
0:16 of 3rd period - Stopped by Vitek Vanecek without a rebound.
0:17 of 3rd period - Phillip Danault wins face-off versus Mathieu Joseph in Wranglers zone.
0:28 of 3rd period - Slapshot by Reilly Walsh.
0:28 of 3rd period - Deflect By Mathieu Joseph.
0:28 of 3rd period - Stopped by Vitek Vanecek without a rebound.
0:29 of 3rd period - Josh Norris wins face-off versus Phillip Danault in Wranglers zone.
0:32 of 3rd period - Snap shot by Nolan Vesey.
0:32 of 3rd period - Shot Blocked by Peter Cehlarik.
0:34 of 3rd period - Slapshot by Ian Mitchell.
0:34 of 3rd period - Shot Misses the Net.
0:36 of 3rd period - Slapshot by Reilly Walsh.
0:36 of 3rd period - Shot Misses the Net.
0:38 of 3rd period - Snap shot by Nolan Vesey.
0:38 of 3rd period - Goal by Nolan Vesey - Wranglers : 4 - Admirals : 1.
0:39 of 3rd period - Josh Norris wins face-off versus Nico Sturm in neutral zone.
0:42 of 3rd period - Snap shot by Nolan Vesey.
0:42 of 3rd period - Shot Misses the Net.
0:44 of 3rd period - Snap shot by Nolan Vesey.
0:44 of 3rd period - Deflect By Peter Cehlarik.
0:44 of 3rd period - Shot Misses the Net.
0:44 of 3rd period - Puck is out of play.
0:45 of 3rd period - Mathieu Joseph wins face-off versus Nico Sturm in Wranglers zone.
1:02 of 3rd period - Snap shot by Nico Sturm.
1:02 of 3rd period - Deflect By Barclay Goodrow.
1:02 of 3rd period - Shot Misses the Net.
1:02 of 3rd period - Puck is out of play.
1:03 of 3rd period - Lucas Wallmark wins face-off versus Chandler Stephenson in Admirals zone.
1:03 of 3rd period - Lucas Wallmark is hit by Phillip Danault.
1:41 of 3rd period - Snap shot by Nico Sturm.
1:41 of 3rd period - Stopped by Felix Sanstrom with a rebound.
1:51 of 3rd period - Taylor Raddysh is hit by Milos Kelemen and loses puck.
2:37 of 3rd period - Brandon Hickey is hit by Mark McNeill and loses puck.
3:04 of 3rd period - Josh Norris is hit by Taylor Raddysh and loses puck.
3:36 of 3rd period - Erik Brannstrom is hit by Ian Mitchell and loses puck.
3:48 of 3rd period - Gerald Mayhew is hit by Frank Corrado and loses puck.
4:30 of 3rd period - Wrist shot by Mathieu Joseph.
4:30 of 3rd period - Stopped by Vitek Vanecek without a rebound.
4:31 of 3rd period - Josh Norris wins face-off versus Nico Sturm in Wranglers zone.
5:03 of 3rd period - Carl Dahlstrom is hit by Frank Corrado and loses puck.
5:12 of 3rd period - Snap shot by Chandler Stephenson.
5:12 of 3rd period - Deflect By Mark McNeill.
5:12 of 3rd period - Goal by Chandler Stephenson - Wranglers : 5 - Admirals : 1.
5:13 of 3rd period - Josh Norris wins face-off versus Nico Sturm in neutral zone.
6:22 of 3rd period - Wrist shot by Nico Sturm.
6:22 of 3rd period - Stopped by Felix Sanstrom with a rebound.
6:30 of 3rd period - Wrist shot by Gerald Mayhew.
6:30 of 3rd period - Stopped by Vitek Vanecek with a rebound.
6:44 of 3rd period - Josh Wesley is hit by Vitali Kravtsov and loses puck.
7:27 of 3rd period - Wrist shot by Kasper Bjorkqvist.
7:27 of 3rd period - Deflect By Taylor Raddysh.
7:27 of 3rd period - Goal by Kasper Bjorkqvist - Wranglers : 5 - Admirals : 2.
7:28 of 3rd period - Josh Norris wins face-off versus Peter Cehlarik in neutral zone.
7:35 of 3rd period - Wrist shot by Mathieu Joseph.
7:35 of 3rd period - Shot Misses the Net.
8:19 of 3rd period - Slapshot by Reilly Walsh.
8:19 of 3rd period - Shot Misses the Net.
8:21 of 3rd period - Slapshot by Ian Mitchell.
8:21 of 3rd period - Shot Blocked by Trevor Carrick.
8:23 of 3rd period - Backhand shot by Ian Mitchell.
8:23 of 3rd period - Stopped by Vitek Vanecek with a rebound.
8:25 of 3rd period - Slapshot by Kasper Bjorkqvist.
8:25 of 3rd period - Stopped by Vitek Vanecek without a rebound.
8:26 of 3rd period - Josh Norris wins face-off versus Nico Sturm in Wranglers zone.
9:13 of 3rd period - Wrist shot by Jesper Bratt.
9:13 of 3rd period - Shot Misses the Net.
9:15 of 3rd period - Snap shot by Ryan Donato.
9:15 of 3rd period - Shot Misses the Net.
9:17 of 3rd period - Slapshot by Brandon Hickey.
9:17 of 3rd period - Shot Blocked by Carl Dahlstrom.
9:47 of 3rd period - Carl Dahlstrom is hit by Vitali Kravtsov and loses puck.
10:00 of 3rd period - Snap shot by Ruslan Iskhakov.
10:00 of 3rd period - Shot Misses the Net.
10:02 of 3rd period - Snap shot by Gerald Mayhew.
10:02 of 3rd period - Stopped by Vitek Vanecek with a rebound.
10:06 of 3rd period - Wrist shot by Gerald Mayhew.
10:06 of 3rd period - Stopped by Vitek Vanecek with a rebound.
10:08 of 3rd period - Snap shot by Pavol Regenda.
10:08 of 3rd period - Stopped by Vitek Vanecek with a rebound.
10:38 of 3rd period - Tanner Jeannot is hit by Reilly Walsh and loses puck.
11:00 of 3rd period - Snap shot by Mathieu Joseph.
11:00 of 3rd period - Shot Misses the Net.
11:02 of 3rd period - Wrist shot by Olli Juolevi.
11:02 of 3rd period - Stopped by Vitek Vanecek without a rebound.
11:03 of 3rd period - Nico Sturm wins face-off versus Josh Norris in Wranglers zone.
11:12 of 3rd period - Wrist shot by Peter Cehlarik.
11:12 of 3rd period - Stopped by Felix Sanstrom with a rebound.
11:14 of 3rd period - Snap shot by Nico Sturm.
11:14 of 3rd period - Shot Misses the Net.
11:16 of 3rd period - Slapshot by Brandon Hickey.
11:16 of 3rd period - Deflect By Peter Cehlarik.
11:16 of 3rd period - Shot Misses the Net.
11:16 of 3rd period - Puck is out of play.
11:17 of 3rd period - Nico Sturm wins face-off versus Josh Norris in Admirals zone.
11:44 of 3rd period - Wrist shot by Mark McNeill.
11:44 of 3rd period - Shot Misses the Net.
11:49 of 3rd period - Frank Corrado is hit by Lucas Wallmark and loses puck.
12:18 of 3rd period - Tobias Bjornfot is hit by Vitali Kravtsov.
12:24 of 3rd period - Dominik Masin is hit by Filip Chlapik and loses puck.
12:41 of 3rd period - Slapshot by Vitali Kravtsov.
12:41 of 3rd period - Stopped by Felix Sanstrom without a rebound.
12:42 of 3rd period - Josh Norris wins face-off versus Nico Sturm in Admirals zone.
13:00 of 3rd period - Minor Penalty to Mathieu Joseph for Boarding.
13:01 of 3rd period - Lucas Wallmark wins face-off versus Nico Sturm in Admirals zone.
15:00 of 3rd period - Penalty to Mathieu Joseph is over, Mathieu Joseph is back on ice.
15:17 of 3rd period - Kaapo Kakko is hit by Milos Kelemen and loses puck.
16:09 of 3rd period - Off-side.
16:10 of 3rd period - Nico Sturm wins face-off versus Lucas Wallmark in neutral zone.
16:13 of 3rd period - Slapshot by Christian Jaros.
16:13 of 3rd period - Shot Blocked by Ian Mitchell.
16:39 of 3rd period - Wrist shot by Christian Jaros.
16:39 of 3rd period - Shot Hit the Post.
17:21 of 3rd period - Slapshot by Gerald Mayhew.
17:21 of 3rd period - Shot Misses the Net.
17:51 of 3rd period - Peter Cehlarik is hit by Milos Kelemen and loses puck.
18:00 of 3rd period - Wrist shot by Kasper Bjorkqvist.
18:00 of 3rd period - Stopped by Vitek Vanecek without a rebound.
18:01 of 3rd period - Josh Norris wins face-off versus Chandler Stephenson in Wranglers zone.
18:02 of 3rd period - Wrist shot by Mathieu Joseph.
18:02 of 3rd period - Stopped by Vitek Vanecek without a rebound.
18:03 of 3rd period - Josh Norris wins face-off versus Jesper Bratt in Wranglers zone.
18:04 of 3rd period - Snap shot by Mathieu Joseph.
18:04 of 3rd period - Stopped by Vitek Vanecek with a rebound.
18:14 of 3rd period - Slapshot by Frank Corrado.
18:14 of 3rd period - Shot Misses the Net.
18:16 of 3rd period - Snap shot by Jesper Bratt.
18:16 of 3rd period - Deflect By Chandler Stephenson.
18:16 of 3rd period - Stopped by Felix Sanstrom without a rebound.
18:17 of 3rd period - Josh Norris wins face-off versus Nico Sturm in Admirals zone.
18:33 of 3rd period - Slapshot by Erik Brannstrom.
18:33 of 3rd period - Stopped by Felix Sanstrom with a rebound.
19:16 of 3rd period - Slapshot by Milos Kelemen.
19:16 of 3rd period - Stopped by Vitek Vanecek with a rebound.
19:34 of 3rd period - Slapshot by Christian Jaros.
19:34 of 3rd period - Stopped by Felix Sanstrom without a rebound.
19:35 of 3rd period - Mathieu Joseph wins face-off versus Nico Sturm in Admirals zone.
19:35 of 3rd period - Mathieu Joseph is hit by Frank Corrado.
Goals for this period are 1 for Wranglers vs 2 for Admirals.
Shots for this period are 8 for Wranglers vs 17 for Admirals. Output by the SimonT Hockey Simulator (STHS) for Francois Prevost - Original Page W3C HTML5 Valid
Hockey Simulator - Hockey Simulation - Hockey Manager